 Dungeon Crawl Stone Soup version 0.23-a0-319-gb40ba49 (webtiles) character file.

22 Amnesiac the Digger (level 2, 0/11 HPs)
             Began as a Felid Earth Elementalist on Oct 15, 2018.
             Succumbed to an adder's poison
             ... on level 3 of the Dungeon.
             The game lasted 00:01:51 (727 turns).

Amnesiac the Digger (Felid Earth Elementalist)       Turns: 727, Time: 00:01:51

Health: 0/11       AC:  1    Str:  4    XL:     2   Next: 68%
Magic:  3/6        EV: 18    Int: 16    God:
Gold:   24         SH:  0    Dex: 16    Spells: 2/5 levels left
                                        Lives:  0   Deaths: 0

rFire    . . .     SeeInvis +   (weapon unavailable)
rCold    . . .     Gourm    .   (shield unavailable)
rNeg     . . .     Faith    .   (armour unavailable)
rPois    .         Spirit   .   (helmet unavailable)
rElec    .         Reflect  .   (cloak unavailable)
rCorr    .         Harm     .   (gloves unavailable)
MR       .....                  (boots unavailable)
Stlth    +++.......             (no amulet)
HPRegen  0.03/turn              (no ring)
MPRegen  0.10/turn              (no ring)

@: lethally poisoned (0 -> -8), very slightly contaminated, quick
A: very small, no armour, no weapons or thrown items, stealth, claws 1, fangs 3,
see invisible, carnivore, speed 1, shaggy fur 1, slow metabolism 1, sharp paws
a: no special abilities


You were on level 3 of the Dungeon.
You were full.

You visited 1 branch of the dungeon, and saw 3 of its levels.

You collected 24 gold pieces.

Inventory:

Missiles
 b - 39 stones
Scrolls
 a - 2 scrolls of remove curse {!r, unknown}
 d - a scroll of teleportation {!r, unknown}
 e - a scroll of fear {!r, unknown}
Potions
 f - a potion of agility {!q, unknown}
 h - a potion of haste {!q, unknown}
Comestibles
 c - a ration


   Skills:
 - Level 2.6 Dodging
 - Level 3.0 Stealth
 + Level 2.3 Spellcasting
 + Level 1.3 Transmutations
 * Level 3.2 Earth Magic


You had 2 spell levels left.
You knew the following spells:

 Your Spells              Type           Power        Failure   Level  Hunger
a - Sandblast             Erth           ##....       5%          1    #......
b - Passwall              Tmut/Erth      #.......     12%         2    ###....

Your spell library contained the following spells:

 Spells                   Type           Power        Failure   Level  Hunger
 Stone Arrow              Conj/Erth      #.....       30%         3    ###....
 Petrify                  Tmut/Erth      #.......     61%         4    #####..
 Lee's Rapid Deconstruct  Erth           ##........   82%         5    ######.


Dungeon Overview and Level Annotations

Branches:
Dungeon (3/15)

Altars:
Ashenzari
Cheibriados
Vehumet


Innate Abilities, Weirdness & Mutations

You cannot wear armour.
You are incapable of wielding weapons or throwing items.
Your paws allow you to move quietly. (Stealth)
You have sharp claws.
You have razor-sharp teeth.
You have supernaturally acute eyesight. (SInv)
You are carnivorous and can eat meat at any time.
You cover ground quickly.
You are covered in fur. (AC +1)
You have a slow metabolism.
Your sharp claws are effective at attacking unaware monsters.


Message History

The quokka is moderately wounded.
The quokka closely misses you.
You scratch the quokka but do no damage.
The quokka is moderately wounded.
The quokka misses you.
You scratch the quokka.
The quokka is almost dead.
The quokka barely misses you.
You closely miss the quokka.
The quokka is almost dead.
The orc shouts!
The quokka completely misses you.
An adder comes into view.
The adder hisses angrily.
You scratch the quokka.
You kill the quokka!
Found 5 poisoned needles.
Found a shattered altar of Ashenzari.
A leopard gecko comes into view.
Found a scale mail.
Found a radiant altar of Vehumet.
A kobold comes into view. It is wielding a dagger.
The kobold shouts!
The orc barely misses you. The adder barely misses you.
Found a scroll labeled LODA KOIHUTS and 19 gold pieces.
You barely miss the adder.
The orc hits you with a dagger of speed.
The adder bites you.
* * * LOW HITPOINT WARNING * * *
The orc closely misses you.
You scratch the adder but do no damage. The adder barely misses you.
The orc closely misses you. The adder completely misses you.
You closely miss the adder. The orc misses you. The adder barely misses you.
You barely miss the adder. The orc barely misses you. The adder bites you.
* * * LOW HITPOINT WARNING * * *
You are too injured to fight recklessly!
You are too injured to fight recklessly!
Casting: Sandblast (safe; 5% risk of failure)
Confirm with . or Enter, or press ? or * to list all spells.
Aiming: Sandblast (safe; 5% risk of failure)
Press: ? - help, Shift-Dir - straight line, f - adder
Aim: an adder You miscast Sandblast.
You are very lightly contaminated with residual magic.
Nothing appears to happen.
The adder closely misses you.
Casting: Sandblast (safe; 5% risk of failure)
Confirm with . or Enter, or press ? or * to list all spells.
Aiming: Sandblast (safe; 5% risk of failure)
Press: ? - help, Shift-Dir - straight line, f/p - adder
Aim: an adder The blast of sand hits the adder.
The adder is heavily wounded.
b - 40 stones The adder bites you.
* * * LOW HITPOINT WARNING * * *
You are lethally poisoned!
The adder poisons you! The adder barely misses you.
Casting: Sandblast (safe; 5% risk of failure)
Confirm with . or Enter, or press ? or * to list all spells.
Aiming: Sandblast (safe; 5% risk of failure)
Press: ? - help, Shift-Dir - straight line, f/p - adder
Aim: an adder (heavily wounded)
The blast of sand hits the adder.
You kill the adder!
b - 39 stones You die...

. ♣. ##.########
###...%.# ..###
........ .... .
#.....###.####(..
#.....##.........
#.....@†o...=....
#.....##K........
#...$.##...$.....
#.....##...[..._.
#†.<..##........?
#...<.#####.....$
####### ._..♣.
....[


You could see an orc and a kobold.

Vanquished Creatures
  An adder (D:3)
  A dart slug (D:2)
  A ball python (D:2)
  2 goblins (D:1)
  A kobold (D:1)
  A quokka (D:3)
  4 bats
11 creatures vanquished.

Notes
Turn   | Place    | Note
-------+----------+-------------------------------------------
     0 | D:1      | Amnesiac the Felid Earth Elementalist began the quest for
                  | the Orb.
     0 | D:1      | Reached XP level 1. HP: 7/7 MP: 4/4
   407 | D:2      | Found a snail-covered altar of Cheibriados.
   415 | D:2      | Reached XP level 2. HP: 2/11 MP: 3/6
   424 | D:2      | Learned a level 2 spell: Passwall
   715 | D:3      | Found a shattered altar of Ashenzari.
   716 | D:3      | Found a radiant altar of Vehumet.
   727 | D:3      | Succumbed to an adder's poison

Vault maps used:
D:1:      minmay_arrival_plants_in_alcoves
D:2:      nicolae_overflow_hidden_temple, kennysheep_slug_shrine
D:3:      kb_forest_paths, tgw_sif, grunt_temple_overflow_open

Skill      XL: |  1 |
---------------+----+-----
Stealth        | 3 |  3.0
Earth Magic    | 3 |  3.2
Dodging        | |  2.6
Spellcasting   | |  2.3
Transmutations | |  1.3

Action                   || total
-------------------------++-------
Melee: Unarmed           ||    34
       Bite              ||     1
 Cast: Sandblast         ||     9
 Stab: Sleeping          ||     3
  Eat: Chunk             ||     4
Armor: Skin              ||     5
Dodge: Dodged            ||    60

Table legend:
 A = Non-vault XP
 B = Vault XP
 C = Vault XP percentage of total XP
 D = Non-vault monster count
 E = Vault monster count
 F = Vault count percentage of total count
                 A         B        C        D         E       F
            +---------+---------+-------+---------+---------+-------
      Total |      28 |       4 |  12.5 |      10 |       1 |   9.1
            +---------+---------+-------+---------+---------+-------
        D:1 |       7 |       0 |   0.0 |       4 |       0 |   0.0
        D:2 |       5 |       4 |  44.4 |       3 |       1 |  25.0
        D:3 |      16 |       0 |   0.0 |       3 |       0 |   0.0
            +---------+---------+-------+---------+---------+-------
